 Dungeon Crawl Stone Soup version 0.19-a0-1932-g59670f6 (webtiles) character file.

219 Leszczynek the Insei (level 5, -2/41 HPs)
             Began as a Demonspawn Monk on Oct 25, 2016.
             Was a Believer of Uskayaw.
             Slain by a hornet zombie (7 damage)
             ... on level 5 of the Dungeon.
             The game lasted 00:11:48 (1609 turns).

Leszczynek the Insei (Demonspawn Monk)              Turns: 1609, Time: 00:11:49

Health: -2/41      AC: 11    Str: 12    XL:     5   Next: 64%
Magic:  5/5        EV: 11    Int: 16    God:    Uskayaw [**....]
Gold:   144        SH:  0    Dex: 16    Spells: 0 memorised, 4 levels left

rFire  . . .     SeeInvis .       - Unarmed
rCold  . . .     Gourm    .     l - +0 ring mail
rNeg   . . .     Faith    +     (no shield)
rPois  .         Spirit   .     (helmet restricted)
rElec  .         Reflect  .     (no cloak)
rCorr  .         Harm     .     (no gloves)
MR     .....                    (no boots)
Stlth  ..........               t - amulet of faith
                                (no ring)
                                s - ring of loudness (curse)

@: brilliant, sanguine armour, very slightly contaminated, invisible
A: antennae 1, powered by death 1, rot immunity, sanguine armour 1
a: Stomp, Line Pass, Renounce Religion


You were on level 5 of the Dungeon.
You worshipped Uskayaw.
Uskayaw was noncommittal.
You were not hungry.

You visited 2 branches of the dungeon, and saw 6 of its levels.

You collected 144 gold pieces.

Inventory:

Armour
 a - a +0 robe
 e - a +0 leather armour
 k - a +0 buckler
 l - a +0 ring mail (worn)
Jewellery
 s - a cursed ring of loudness (left hand)
 t - an amulet of faith (around neck)
Scrolls
 b - 2 scrolls of teleportation {unknown}
 j - 2 scrolls of identify {unknown}
 o - a scroll of enchant weapon {unknown}
 p - a scroll of amnesia {unknown}
 x - a scroll of remove curse {unknown}
Potions
 h - a potion of agility {unknown}
 n - a potion of berserk rage {unknown}
 q - a potion of brilliance
 r - a potion of cancellation {unknown}
 u - a potion of resistance {unknown}
 v - a potion of invisibility
 w - a potion of lignification {unknown}
Comestibles
 c - a meat ration
 d - 2 bread rations
 i - a beef jerky
 m - 2 slices of pizza


   Skills:
 - Level 3.0 Fighting
 - Level 2.6 Dodging
 - Level 1.7 Stealth
 + Level 5.8 Unarmed Combat


You had 4 spell levels left.
You didn't know any spells.

Dungeon Overview and Level Annotations

Branches:
Dungeon (5/15)             Temple (1/1) D:4

Altars:
Elyvilon
Gozag
Kikubaaqudgha
Qazlal
Uskayaw
Vehumet
Xom
Yredelemnul
The Shining One

Annotations:
D:3 varam's ghost, weakling TrMo


Innate Abilities, Weirdness & Mutations

You have a pair of small antennae on your head.
You regenerate a little health from kills.
You are immune to rotting.
When seriously injured, your bleeding wounds create armour. (AC +6)


Message History

The hornet zombie hits you.
* * * LOW HITPOINT WARNING * * *
It was a potion of invisibility.
You fade into invisibility!
The hornet zombie barely misses you. The hornet zombie closely misses you.
You are very lightly contaminated with residual magic.
It was a potion of curing.
You feel better.
The hornet zombie hits you but does no damage.
You closely miss the hornet zombie.
The hornet zombie is lightly damaged.
The hornet zombie hits you but does no damage.
You hit the hornet zombie.
The hornet zombie is lightly damaged.
The hornet zombie closely misses you.
You barely miss the hornet zombie.
The hornet zombie is lightly damaged.
The hornet zombie hits you!
* * * LOW HITPOINT WARNING * * *
The hornet zombie hits you!
You die...

#..........# . #..........#
#.. ##..........# #.
#..#...........# P..
#....#.##.#..####.≈.
##...#Z.#.........≈≈≈ #.
.....#.#..#........§§
###.## #.....#.##.......§§§
...).# #.....ZZ@....).§§§§
.....# #......##...(.§§§§.
.....####.....##......§.§.#
......................§§.#.
.............<.####........
.###...8........#......#.#.
.....8........#........#...
....8...#..#.##........# ..
......<...##.##.#......#


You could see a leopard gecko zombie and a hornet zombie.

Vanquished Creatures
  The ghost of varam the Ruffian, a weakling TrMo (D:4)
  A centaur zombie (D:5)
  A bullfrog skeleton (D:5)
  A hound skeleton (D:4)
  A gnoll (D:2)
  3 adders
  2 adder skeletons
  A worm (D:2)
  A dart slug (D:3)
  3 leopard geckos
  3 orcs (D:5)
  2 ball pythons
  2 bats
  5 giant cockroaches
  4 goblins
  3 hobgoblins
  A jackal (D:2)
  A quokka (D:3)
  2 frilled lizards
  4 kobolds
  A quokka zombie (D:5)
  3 rats
46 creatures vanquished.

Notes
Turn   | Place    | Note
-------+----------+-------------------------------------------
     0 | D:1      | Leszczynek the Demonspawn Monk began the quest for the Orb.
     0 | D:1      | Reached XP level 1. HP: 18/18 MP: 1/1
   204 | D:1      | Reached skill level 3 in Unarmed Combat
   259 | D:2      | Gained mutation: When seriously injured, your bleeding wounds create armour. (AC +6) [demonic ancestry]
   259 | D:2      | Reached XP level 2. HP: 24/24 MP: 2/2
   638 | D:3      | Noticed varam's ghost (weakling TrMo)
   885 | D:2      | Gained mutation: You are immune to rotting. [demonic ancestry]
   885 | D:2      | Reached XP level 3. HP: 29/29 MP: 3/3
   954 | D:2      | Reached skill level 4 in Unarmed Combat
  1060 | D:4      | Found a staircase to the Ecumenical Temple.
  1075 | Temple   | Entered the Ecumenical Temple
  1086 | Temple   | Became a worshipper of Uskayaw the Reveler
  1086 | Temple   | Reached * piety under Uskayaw
  1103 | D:4      | Noticed varam's ghost (weakling TrMo)
  1110 | D:5      | Entered Level 5 of the Dungeon
  1152 | D:5      | Reached ** piety under Uskayaw
  1185 | D:5      | Gained mutation: You have a pair of small antennae on your head. [demonic ancestry]
  1185 | D:5      | Reached XP level 4. HP: 22/35 MP: 4/4
  1333 | D:2      | Reached skill level 5 in Unarmed Combat
  1427 | D:4      | Noticed an ogre
  1474 | D:4      | Reached *** piety under Uskayaw
  1475 | D:4      | Killed varam's ghost
  1475 | D:4      | Gained mutation: You regenerate a little health from kills. [demonic ancestry]
  1475 | D:4      | Reached XP level 5. HP: 22/41 MP: 5/5
  1609 | D:5      | Slain by a hornet zombie

Vault maps used:
D:1:      dpeg_arrival_shrine
D:2:      minmay_misc_feat_ornament, minmay_tall_x
D:3:      first_bread
D:4:      kennysheep_generic_room_7, uniq_blork_the_orc
D:5:      serial_undead, serial_undead_c, serial_undead_d, serial_undead_a,
          serial_undead_f, serial_undead_c, serial_undead_c
Temple:   compressed_dpeg_triangle_lava_temple

Skill      XL: |  1  2  3  4 |
---------------+-------------+-----
Unarmed Combat | 3 4 5 |  5.8
Fighting       | |  3.0
Dodging        | |  2.6
Stealth        | |  1.7

Action                   |  1- 3 |  4- 6 || total
-------------------------+-------+-------++-------
Melee: Unarmed           |   147 |    86 ||   233
       Punch             |     1 |     4 ||     5
  Use: Potion            |       |     3 ||     3
 Stab: Sleeping          |     3 |       ||     3
       Paralysed         |       |     1 ||     1
  Eat: Chunk             |     1 |     2 ||     3
Armor: Robe              |     2 |       ||     2
       Leather armour    |    11 |       ||    11
       Ring mail         |    21 |    24 ||    45
Dodge: Dodged            |    95 |    39 ||   134
